[Event "27th CRO-chT 1B-Men 2018"]
[Site "Biograd"]
[Date "2018.09.18"]
[Round "2.23"]
[White "Rubil, Marko"]
[Black "Malenica, Mario"]
[Result "0-1"]
[ECO "B36"]
[WhiteElo "2201"]
[BlackElo "2212"]
[Annotator "ChessBase"]
[PlyCount "82"]
[EventDate "2018.09.15"]
[EventType "team-tourn"]
[EventCountry "CRO"]
[SourceTitle "playchess.com"]
[Source "ChessBase"]
[SourceQuality "1"]
[TimeControl "40/5400+30:1800+30"]

1. e4 c5 2. Nf3 g6 3. d4 cxd4 4. Nxd4 Nc6 5. c4 Nf6 6. Nc3 d6 7. Be2 Nxd4 8. Qxd4 Bg7 9. Bg5 O-O 10. Qd2 a5 11. O-O a4 12. Bh6 Qa5 13. Bxg7 Kxg7 14. Qd4 Be6 15. Nb5 Rfc8 16. a3 Bd7 17. Rac1 Rc5 18. Nc3 Be6 19. Nd5 Bxd5 20. exd5 Rac8 21. Rc3 R5c7 22. Rfc1 Qc5 23. Qh4 e5 24. Rd1 Ng8 25. g4 f6 26. Qg3 Rf7 27. Kg2 Ne7 28. f4 exf4 29. Qxf4 g5 30. Qe4 Ng6 31. Bd3 Re7 32. Qxe7+ Nxe7 33. Re1 Rc7 34. Re4 Ng6 35. Bc2 Re7 36. Rxe7+ Nxe7 37. Bxa4 Ng6 38. Bc2 Nf4+ 39. Kf3 Qd4 40. a4 Qd2 41. Ke4 Qe2+ 0-1

[Event "27th CRO-chT 1B-Men 2018"]
[Site "Biograd"]
[Date "2018.09.18"]
[Round "2.24"]
[White "Grgurevic, Boris"]
[Black "Matanovic, Luka"]
[Result "0-1"]
[ECO "C50"]
[WhiteElo "2145"]
[BlackElo "2252"]
[Annotator "ChessBase"]
[PlyCount "108"]
[EventDate "2018.09.15"]
[EventType "team-tourn"]
[EventCountry "CRO"]
[SourceTitle "playchess.com"]
[Source "ChessBase"]
[SourceQuality "1"]
[TimeControl "40/5400+30:1800+30"]

1. e4 e5 2. Bc4 Nf6 3. d3 Nc6 4. Nf3 Bc5 5. Be3 Bxe3 6. fxe3 d5 7. exd5 Nxd5 8. Qd2 O-O 9. O-O Nb6 10. Bb3 Qe7 11. Nc3 Be6 12. Bxe6 Qxe6 13. e4 Rad8 14. Qg5 Qg6 15. Qxg6 hxg6 16. a4 a5 17. Nb5 Rd7 18. Rf2 f6 19. b3 Nd8 20. Rd1 Ne6 21. Rfd2 Rfd8 22. Kf2 g5 23. d4 g4 24. Nh4 exd4 25. Nf5 c6 26. Na3 Kh7 27. Ke1 g6 28. Ng3 Kg7 29. Kf2 Ng5 30. Nb1 c5 31. Na3 Re8 32. c3 Nxe4+ 33. Nxe4 Rxe4 34. cxd4 Rexd4 35. Rxd4 cxd4 36. Rd3 f5 37. Nb5 Kf6 38. Rxd4 Ke5 39. Rxd7 Nxd7 40. Na3 Kd4 41. Nb5+ Kd3 42. Kg3 Nc5 43. h4 gxh3 44. gxh3 Ke3 45. Kg2 f4 46. Kf1 Nxb3 47. Nc3 Nc5 48. h4 Kf3 49. Nd5 Kg3 50. Ne7 f3 51. Nxg6 Ne4 52. Ke1 f2+ 53. Ke2 Nc3+ 54. Kf1 Nd5 0-1

[Event "27th CRO-chT 1B-Men 2018"]
[Site "Biograd"]
[Date "2018.09.16"]
[Round "2.28"]
[White "Muha, Miljenko"]
[Black "Rogulj, Branko"]
[Result "1-0"]
[ECO "B22"]
[WhiteElo "2364"]
[BlackElo "2404"]
[Annotator "ChessBase"]
[PlyCount "61"]
[EventDate "2018.09.15"]
[EventType "team-tourn"]
[EventCountry "CRO"]
[SourceTitle "playchess.com"]
[Source "ChessBase"]
[SourceQuality "1"]
[TimeControl "40/5400+30:1800+30"]

1. Nf3 Nf6 2. c4 c5 3. Nc3 Nc6 4. e3 e6 5. d4 d5 6. cxd5 Nxd5 7. Bd3 cxd4 8. exd4 Bb4 9. O-O O-O 10. Bc2 Nf6 11. Qd3 Be7 12. a3 b6 13. Bg5 g6 14. Rad1 Bb7 15. Rfe1 Rc8 16. Bb3 Kg7 17. Qe3 Ng8 18. d5 exd5 19. Nxd5 Bxg5 20. Nxg5 Re8 21. Qc3+ Ne5 22. Nxf7 Qh4 23. Nc7 Rxc7 24. Qxc7 Re7 25. Qc3 Qg4 26. Qg3 Qxg3 27. hxg3 Rxf7 28. Rxe5 Rc7 29. Rde1 Ba6 30. Bxg8 Kxg8 31. Re7 1-0

[Event "27th CRO-chT 1B-Men 2018"]
[Site "Biograd"]
[Date "2018.09.17"]
[Round "3.3"]
[White "Rade, Miroslav"]
[Black "Krstic, Uros"]
[Result "1/2-1/2"]
[ECO "B15"]
[WhiteElo "2395"]
[BlackElo "2364"]
[Annotator "RC"]
[PlyCount "42"]
[EventDate "2018.09.15"]
[EventType "team-tourn"]
[EventCountry "CRO"]
[SourceTitle "playchess.com"]
[Source "ChessBase"]
[SourceQuality "1"]
[TimeControl "40/5400+30:1800+30"]

1. e4 c6 2. Nc3 d5 3. Nf3 dxe4 4. Nxe4 Nf6 5. Nxf6+ exf6 6. d4 Bd6 7. Bd3 O-O 8. O-O Re8 9. h3 Nd7 10. Bd2 Nf8 11. c4 Be6 12. Re1 Qd7 13. Qb3 Rad8 14. Rad1 Bb8 15. Ba5 b6 16. Bd2 Ng6 17. Bc1 Qc7 18. Kf1 Qc8 19. Kg1 Qc7 20. Kf1 Qc8 21. Kg1 Qc7 1/2-1/2

[Event "27th CRO-chT 1B-Men 2018"]
[Site "Biograd"]
[Date "2018.09.17"]
[Round "3.16"]
[White "Martic, Zlatko"]
[Black "Stocko, Josip"]
[Result "1/2-1/2"]
[ECO "E11"]
[WhiteElo "2244"]
[BlackElo "2322"]
[Annotator "ChessBase"]
[PlyCount "61"]
[EventDate "2018.09.15"]
[EventType "team-tourn"]
[EventCountry "CRO"]
[SourceTitle "playchess.com"]
[Source "ChessBase"]
[SourceQuality "1"]
[TimeControl "40/5400+30:1800+30"]

1. d4 Nf6 2. c4 e6 3. Nf3 Bb4+ 4. Nbd2 O-O 5. a3 Be7 6. e4 d6 7. Be2 Nbd7 8. Qc2 e5 9. b4 a5 10. Bb2 axb4 11. axb4 Rxa1+ 12. Bxa1 Re8 13. d5 c5 14. b5 g6 15. O-O Nh5 16. g3 Ng7 17. Ne1 f5 18. Bd3 f4 19. f3 g5 20. g4 Kf7 21. h3 h5 22. Rf2 Rh8 23. Nf1 Nf6 24. Be2 hxg4 25. hxg4 Rh4 26. Rh2 Qh8 27. Ng2 Rxh2 28. Nxh2 Nd7 29. Qa2 Bd8 30. Bc3 Bb6 31. Qa8 1/2-1/2

[Event "27th CRO-chT 1B-Men 2018"]
[Site "Biograd"]
[Date "2018.09.18"]
[Round "4.3"]
[White "Krstic, Uros"]
[Black "Mufic, Goran"]
[Result "1/2-1/2"]
[ECO "B21"]
[WhiteElo "2364"]
[BlackElo "2254"]
[Annotator "NA"]
[PlyCount "25"]
[EventDate "2018.09.15"]
[EventType "team-tourn"]
[EventCountry "CRO"]
[SourceTitle "playchess.com"]
[Source "ChessBase"]
[SourceQuality "1"]
[TimeControl "40/5400+30:1800+30"]

1. e4 c5 2. Be2 Nc6 3. f4 g6 4. Nf3 Bg7 5. O-O e6 6. c3 d5 7. d3 Nge7 8. Qe1 b6 9. Na3 Ba6 {[%emt 0:00:30] LiveBook: 3 Games} 10. Rb1 dxe4 11. dxe4 Bd3 $11 12. Bxd3 Qxd3 13. Ng5 1/2-1/2

[Event "27th CRO-chT 1B-Men 2018"]
[Site "Biograd"]
[Date "2018.09.18"]
[Round "4.4"]
[White "Doric, Nenad"]
[Black "Vernacki, Srdjan"]
[Result "1/2-1/2"]
[ECO "B43"]
[WhiteElo "2249"]
[BlackElo "2357"]
[Annotator "ChessBase"]
[PlyCount "100"]
[EventDate "2018.09.15"]
[EventType "team-tourn"]
[EventCountry "CRO"]
[SourceTitle "playchess.com"]
[Source "ChessBase"]
[SourceQuality "1"]
[TimeControl "40/5400+30:1800+30"]

1. e4 c5 2. Nf3 e6 3. d4 cxd4 4. Nxd4 a6 5. Nc3 b5 6. Bd3 Bb7 7. O-O b4 8. Na4 Nf6 9. Re1 Nc6 10. Nf3 d6 11. c3 Be7 12. Bf4 O-O 13. Rc1 a5 14. c4 {[%emt 0:04:30] ad} Nd7 15. Bb1 e5 16. Be3 Qc7 17. c5 dxc5 18. Nxc5 Nxc5 19. Bxc5 Bxc5 20. Rxc5 Qb6 21. Qc1 Rac8 22. Qe3 f6 23. Rec1 Nd4 24. Rxc8 Rxc8 25. Rxc8+ Bxc8 26. Bc2 Be6 27. Bb3 Bxb3 28. axb3 Qc5 29. h3 Qc2 30. Nxd4 Qd1+ 31. Kh2 exd4 32. Qg3 h6 33. e5 fxe5 34. Qxe5 Qxb3 35. Qe8+ Kh7 36. Qe4+ Kh8 37. Qa8+ Qg8 38. Qxa5 d3 39. Qxb4 Qd5 40. Qd2 Qe5+ 41. g3 Qe2 42. Qf4 Kg8 43. Qc4+ Kh8 44. Kg2 Qd1 45. Qc8+ Kh7 46. Qf5+ Kg8 47. Qd5+ Kh8 48. Qa8+ Kh7 49. Qf3 Qc2 50. Qe4+ Kg8 1/2-1/2

[Event "27th CRO-chT 1B-Men 2018"]
[Site "Biograd"]
[Date "2018.09.18"]
[Round "4.6"]
[White "Safar, Sandro"]
[Black "Tomasic, Roland"]
[Result "1/2-1/2"]
[ECO "B23"]
[WhiteElo "2214"]
[BlackElo "2166"]
[Annotator "ChessBase"]
[PlyCount "145"]
[EventDate "2018.09.15"]
[EventType "team-tourn"]
[EventCountry "CRO"]
[SourceTitle "playchess.com"]
[Source "ChessBase"]
[SourceQuality "1"]
[TimeControl "40/5400+30:1800+30"]

1. e4 c5 2. Nc3 Nc6 3. f4 g6 4. Nf3 Bg7 5. Bc4 e6 6. f5 Nge7 7. fxe6 dxe6 8. d3 O-O 9. O-O Nd4 10. Nxd4 cxd4 11. Ne2 Nc6 12. Qe1 Na5 13. Bb5 a6 14. Ba4 b5 15. Bd2 Nb7 16. Bb3 Nc5 17. Bb4 Qc7 18. Qf2 Nxb3 19. axb3 Re8 20. Nxd4 Bb7 21. Bc3 e5 22. Nf3 a5 23. Ne1 Rf8 24. b4 a4 25. Qc5 Qxc5+ 26. bxc5 Rfc8 27. Bb4 Bf8 28. c3 Bxc5+ 29. Bxc5 Rxc5 30. Nc2 Rd8 31. Nb4 Kg7 32. Rf2 f6 33. Kf1 Ra8 34. Nc2 Rf8 35. Ke2 h5 36. g3 Rc7 37. Ke3 h4 38. g4 Bc8 39. Rg1 Kh6 40. g5+ Kg7 41. Rxf6 Rxf6 42. gxf6+ Kxf6 43. Nb4 Be6 44. d4 exd4+ 45. cxd4 Rc4 46. Nd3 Rc2 47. d5 Bf7 48. Rf1+ Kg7 49. Ne5 Be8 50. d6 Rxb2 51. d7 Bxd7 52. Rf7+ Kh6 53. Rxd7 a3 54. Ra7 a2 55. h3 Kg5 56. Ra6 b4 57. Ra5 Kf6 58. Nd3 Rh2 59. Ra6+ Kg7 60. Nxb4 Rxh3+ 61. Kf4 Rb3 62. Nd5 Rb2 63. Kg4 Re2 64. Ra7+ Kh6 65. Nf6 g5 66. Ra6 Kg6 67. Nh5+ Kf7 68. Kf5 Rf2+ 69. Kg4 Re2 70. Kf3 Rb2 71. Kg4 Re2 72. Kf3 Rb2 73. Kg4 1/2-1/2

[Event "27th CRO-chT 1B-Men 2018"]
[Site "Biograd"]
[Date "2018.09.18"]
[Round "4.11"]
[White "Mathe, Gaspar"]
[Black "Zelic, Mladen"]
[Result "0-1"]
[ECO "C63"]
[WhiteElo "2308"]
[BlackElo "2266"]
[Annotator "NA"]
[PlyCount "56"]
[EventDate "2018.09.15"]
[EventType "team-tourn"]
[EventCountry "CRO"]
[SourceTitle "playchess.com"]
[Source "ChessBase"]
[SourceQuality "1"]
[TimeControl "40/5400+30:1800+30"]

1. e4 e5 2. Nf3 Nc6 3. Bb5 f5 4. Nc3 fxe4 5. Nxe4 d5 6. Nxe5 dxe4 7. Nxc6 Qg5 8. Qe2 Nf6 {[%emt 0:01:30] [#]} 9. f4 $1 Qxf4 {[%emt 0:01:30] [#]} 10. d4 {[%emt 0:02:30] LiveBook: 61 Games} (10. Nxa7+ $1 $16 Bd7 11. Bxd7+ Nxd7 12. d4) 10... Qd6 11. Nxa7+ {[%emt 0:02:30] [#]} c6 $1 12. Bf4 {[%emt 0:14:30] C63: Ruy Lopez: Schliemann/Jaenisch Defence} Qxf4 13. Nxc6 Bd6 $146 ({Predecessor:} 13... bxc6 14. Bxc6+ Kd8 15. Bxa8 Bg4 16. Qd2 Bb4 17. c3 e3 18. Qc2 Ke7 19. Bf3 Bxf3 20. gxf3 Qxd4 {1-0 (27) Turzo,A (2310)-Arnold,J (2250) Budapest 1995}) 14. g3 Qg5 15. Ne5+ Ke7 16. Nf3 Qh5 17. Nh4 $2 (17. Ne5) 17... Bg4 18. Qf1 Rhf8 19. Be2 Nd5 20. Qg2 Bf3 (20... Bb4+ $142 21. c3 {[#]} Nxc3 $1 22. bxc3 Bxc3+ 23. Kd1 Bxe2+ 24. Qxe2 Qd5) 21. Qf2 Bb4+ 22. c3 Nxc3 23. Bxf3 Qb5 24. Qc2 exf3 25. Kf2 Qe2+ 26. Qxe2+ Nxe2 $19 27. Rad1 Rxa2 28. Nxf3 Rxb2 0-1

[Event "27th CRO-chT 1B-Men 2018"]
[Site "Biograd"]
[Date "2018.09.18"]
[Round "4.18"]
[White "Brulic, Denis"]
[Black "Matanovic, Luka"]
[Result "0-1"]
[ECO "A06"]
[WhiteElo "2232"]
[BlackElo "2252"]
[Annotator "ChessBase"]
[PlyCount "66"]
[EventDate "2018.09.15"]
[EventType "team-tourn"]
[EventCountry "CRO"]
[SourceTitle "playchess.com"]
[Source "ChessBase"]
[SourceQuality "1"]
[TimeControl "40/5400+30:1800+30"]

1. Nf3 d5 2. e3 Nf6 3. b3 Bg4 4. Bb2 Nbd7 5. h3 Bh5 6. Be2 e6 7. d3 Bd6 8. g4 Bg6 9. h4 h6 10. h5 Bh7 11. Nbd2 Qe7 12. g5 hxg5 13. Nxg5 Ba3 14. Qc1 Bxb2 15. Qxb2 Bg6 16. O-O-O Bxh5 17. Rh3 O-O-O 18. Rdh1 g6 19. e4 Rhf8 20. e5 Ng4 21. Bxg4 Bxg4 22. Nh7 Bxh3 23. Nxf8 Rxf8 24. Rxh3 Qg5 25. Qa3 Qg1+ 26. Kb2 Qxf2 27. Rf3 Qxd2 28. Qe7 Qe2 29. Rxf7 Qxe5+ 30. d4 Qxd4+ 31. Ka3 Rd8 32. Qxe6 Qc5+ 33. Kb2 Qd6 0-1

[Event "27th CRO-chT 1B-Men 2018"]
[Site "Biograd"]
[Date "2018.09.18"]
[Round "4.28"]
[White "Vlaic, Branko"]
[Black "Muha, Miljenko"]
[Result "1/2-1/2"]
[ECO "B13"]
[WhiteElo "2246"]
[BlackElo "2364"]
[Annotator "NA RC"]
[PlyCount "76"]
[EventDate "2018.09.15"]
[EventType "team-tourn"]
[EventCountry "CRO"]
[SourceTitle "playchess.com"]
[Source "ChessBase"]
[SourceQuality "1"]
[TimeControl "40/5400+30:1800+30"]

1. Nf3 d5 2. d4 Nf6 3. Bf4 c5 4. e3 Nc6 5. Nbd2 cxd4 6. exd4 Bg4 7. c3 e6 8. Qb3 Bd6 {[%emt 0:00:30] LiveBook: 5 Games} 9. Bxd6 Qxd6 10. Bd3 O-O 11. O-O Nh5 $146 {[%emt 0:23:30] B13: Caro-Kann: Exchange Variation and Panov-Botvinnik Attack} ({Predecessor:} 11... Bxf3 12. Nxf3 Rab8 {½-½ (12) Mikhailov,V (2268)-Konyshev,A (2370) Kemerovo 2010}) 12. Qc2 h6 13. h3 Bxf3 14. Nxf3 Nf4 15. Qd2 Nxd3 16. Qxd3 Rab8 17. Rae1 b5 18. a3 a5 19. Ne5 Nxe5 20. dxe5 Qb6 21. Re3 Rfc8 22. Kh2 b4 23. axb4 axb4 24. f4 bxc3 25. bxc3 Qb5 26. Qd1 Qb3 27. Qf3 Rc7 28. f5 exf5 29. Qxf5 d4 30. Ree1 Qxc3 31. e6 fxe6 32. Rxe6 Rd8 33. Rxh6 gxh6 34. Qe6+ Kg7 35. Qf6+ Kh7 36. Qf5+ Kg7 37. Qf6+ Kh7 38. Qf5+ Kg8 $11 1/2-1/2

[Event "27th CRO-chT 1B-Men 2018"]
[Site "Biograd"]
[Date "2018.09.19"]
[Round "5.27"]
[White "Mufic, Goran"]
[Black "Ostovic, Matija"]
[Result "1/2-1/2"]
[ECO "C41"]
[WhiteElo "2254"]
[BlackElo "2390"]
[Annotator "NA"]
[PlyCount "102"]
[EventDate "2018.09.15"]
[EventType "team-tourn"]
[EventCountry "CRO"]
[SourceTitle "playchess.com"]
[Source "ChessBase"]
[SourceQuality "1"]
[TimeControl "40/5400+30:1800+30"]

1. d4 d6 2. Nf3 Nd7 3. e4 e5 4. dxe5 Nxe5 {[%emt 0:03:30] LiveBook: 29 Games} 5. Nxe5 dxe5 6. Qxd8+ Kxd8 7. Bc4 Ke8 8. Be3 {[%emt 0:16:00] C41: Philidor Defence} c6 $146 ({Predecessor:} 8... Nf6) 9. a4 Nf6 10. f3 Nd7 11. Nd2 Bc5 12. Ke2 Ke7 13. c3 g6 14. h4 Bxe3 15. Kxe3 f5 16. exf5 gxf5 17. g4 Nb6 18. gxf5 Bxf5 19. a5 Nd5+ 20. Kf2 Nf4 21. Nf1 Rad8 22. Rh2 Be6 23. Ne3 (23. Bxe6 $17 {keeps fighting.} Kxe6 24. Ng3) 23... Rhg8 (23... Rd2+ $19 {and Black stays clearly on top.} 24. Kg1 Nh3+ 25. Kh1 Nf2+ 26. Kg1 Rg8+ 27. Kf1 Nd1 28. Nf5+ Bxf5 29. Bxg8 Rxh2 30. Rxd1 Rxb2) 24. Bxe6 Kxe6 25. Nc4 b5 26. axb6 axb6 27. Kf1 Rd3 28. Nd2 Rgd8 29. Ke1 Rg8 30. Kf1 Rgd8 31. Ke1 Re3+ 32. Kd1 Nd3 33. Kc2 Ne1+ 34. Kb3 Nxf3 35. Nxf3 Rxf3 36. Ra6 Rb8 37. Ra7 Rf7 38. Ra4 b5 39. Ra6 Kd5 40. Rd2+ Kc5 41. Kc2 b4 42. Ra5+ Rb5 43. Ra8 bxc3 44. bxc3 Re7 45. h5 e4 46. h6 Reb7 47. Ra2 Kb6 ({Better is} 47... e3 $17 48. Re2 Re7) 48. c4 Rb4 49. Kc3 Kc7 50. Kd4 Kd6 $11 51. Ra5 Kc7 1/2-1/2

[Event "27th CRO-chT 1B-Men 2018"]
[Site "Biograd"]
[Date "2018.09.19"]
[Round "5.30"]
[White "Vrban, Mladen"]
[Black "Safar, Sandro"]
[Result "1-0"]
[ECO "B23"]
[WhiteElo "2280"]
[BlackElo "2214"]
[Annotator "ChessBase"]
[PlyCount "95"]
[EventDate "2018.09.15"]
[EventType "team-tourn"]
[EventCountry "CRO"]
[SourceTitle "playchess.com"]
[Source "ChessBase"]
[SourceQuality "1"]
[TimeControl "40/5400+30:1800+30"]

1. e4 c5 2. Nc3 Nc6 3. f4 g6 4. Nf3 Bg7 5. Bc4 e6 6. O-O Nge7 7. Qe1 O-O 8. d3 Na5 9. e5 Nxc4 10. dxc4 d5 11. Qf2 b6 12. Rd1 Bb7 13. Nb5 Bc6 14. c3 a6 15. Na3 Qc7 16. Be3 Nf5 17. Bd2 f6 18. Re1 fxe5 19. Nxe5 Bb7 20. Nf3 Rae8 21. Re2 h6 22. Rae1 Nd6 23. Qg3 Qf7 24. Ne5 Bxe5 25. fxe5 Ne4 26. Rxe4 dxe4 27. Bxh6 Qf5 28. Bxf8 Rxf8 29. Nc2 Qh5 30. Ne3 Rd8 31. Ng4 Kg7 32. Rf1 Qg5 33. h4 Qe7 34. Rf6 Rh8 35. Qf4 Rh5 36. Qg3 Qe8 37. Ne3 b5 38. Kh2 Rh6 39. Qf4 Rh5 40. Kg3 Qe7 41. Qg4 Qe8 42. Rxe6 Qf7 43. Rd6 Bc6 44. Rxc6 Rxe5 45. Rd6 Kh7 46. h5 g5 47. Rd7 Re7 48. Qf5+ 1-0

[Event "27th CRO-chT 1B-Men 2018"]
[Site "Biograd"]
[Date "2018.09.20"]
[Round "6.6"]
[White "Matijevic, Hrvoje"]
[Black "Horvat, David"]
[Result "1/2-1/2"]
[ECO "D03"]
[WhiteElo "2228"]
[BlackElo "2212"]
[Annotator "ChessBase"]
[PlyCount "28"]
[EventDate "2018.09.15"]
[EventType "team-tourn"]
[EventCountry "CRO"]
[SourceTitle "playchess.com"]
[Source "ChessBase"]
[SourceQuality "1"]
[TimeControl "40/5400+30:1800+30"]

1. d4 Nf6 2. Nf3 g6 3. Bg5 Bg7 4. Nbd2 c5 5. e3 cxd4 6. exd4 O-O 7. Bd3 d5 8. O-O Nc6 9. c3 Be6 10. Re1 Qc8 11. Qc2 Bf5 12. Bxf5 Qxf5 13. Qxf5 gxf5 14. Ne5 Rfe8 1/2-1/2

[Event "27th CRO-chT 1B-Men 2018"]
[Site "Biograd"]
[Date "2018.09.20"]
[Round "6.17"]
[White "Vujakovic, Branko"]
[Black "Zelic, Mladen"]
[Result "1/2-1/2"]
[ECO "C63"]
[WhiteElo "2340"]
[BlackElo "2266"]
[Annotator "NA"]
[PlyCount "52"]
[EventDate "2018.09.15"]
[EventType "team-tourn"]
[EventCountry "CRO"]
[SourceTitle "playchess.com"]
[Source "ChessBase"]
[SourceQuality "1"]
[TimeControl "40/5400+30:1800+30"]

1. e4 e5 2. Nf3 Nc6 3. Bb5 f5 4. d4 fxe4 5. Bxc6 dxc6 6. Nxe5 Nf6 7. Nc3 {[%emt 0:00:30] LiveBook: 4 Games C63: Ruy Lopez: Schliemann/Jaenisch Defence} Bd6 (7... Bb4 8. O-O O-O 9. Bg5 Qe8 10. Qe2 Bxc3 11. bxc3 h6 12. Bxf6 gxf6 13. Nc4 Qg6 14. Rae1 Bf5 {1-0 (24) Short,N (2664)-Schebler,G (2451) Pattaya 2015}) 8. Bg5 O-O 9. Qe2 Qe8 10. Bxf6 ({Much weaker is} 10. Nxe4 Nxe4 11. Qxe4 Bf5 $15) 10... gxf6 11. Nc4 f5 12. Nxd6 $146 ({Predecessor:} 12. O-O-O b5 13. Nxd6 cxd6 14. Qe3 f4 15. Qxe4 {1-0 (47) Gao,R (2442)-Yang,K (2374) Beijing 2012}) 12... cxd6 13. Qe3 f4 $1 14. Qe2 d5 15. O-O-O Qg6 16. f3 Bf5 17. Rde1 Rae8 18. Rhf1 Kh8 (18... Qg5 $15) 19. fxe4 Bxe4 20. Qd2 Qd6 21. Rf2 Re6 22. Ref1 Ref6 23. Ne2 Bxg2 $11 24. Rxg2 f3 25. Rgf2 fxe2 26. Qxe2 Rxf2 1/2-1/2

[Event "27th CRO-chT 1B-Men 2018"]
[Site "Biograd"]
[Date "2018.09.20"]
[Round "6.27"]
[White "Matkovic, Tonci"]
[Black "Maier, Christian"]
[Result "*"]
[ECO "C78"]
[WhiteElo "2274"]
[BlackElo "2357"]
[Annotator "ChessBase"]
[PlyCount "32"]
[EventDate "2018.09.15"]
[EventType "team-tourn"]
[EventCountry "CRO"]
[SourceTitle "playchess.com"]
[Source "ChessBase"]
[SourceQuality "1"]
[TimeControl "40/5400+30:1800+30"]

1. e4 e5 2. Nf3 Nc6 3. Bb5 a6 4. Ba4 Nf6 5. O-O b5 6. Bb3 Bb7 7. Re1 Bc5 8. c3 d6 9. d4 Bb6 10. Be3 O-O 11. d5 Ne7 12. Bxb6 cxb6 13. Nbd2 Ng6 14. Nf1 Bc8 15. Bc2 Nh5 16. Nxe5 Nxe5 *

[Event "27th CRO-chT 1B-Men 2018"]
[Site "Biograd"]
[Date "2018.09.21"]
[Round "7.6"]
[White "Tomasic, Roland"]
[Black "Bubalovic, Davorin"]
[Result "0-1"]
[ECO "B42"]
[WhiteElo "2166"]
[BlackElo "2206"]
[Annotator "ChessBase"]
[PlyCount "92"]
[EventDate "2018.09.15"]
[EventType "team-tourn"]
[EventCountry "CRO"]
[SourceTitle "playchess.com"]
[Source "ChessBase"]
[SourceQuality "1"]
[TimeControl "40/5400+30:1800+30"]

1. e4 c5 2. Nf3 e6 3. d4 cxd4 4. Nxd4 a6 5. Bd3 Bc5 6. Nb3 Be7 7. Qg4 g6 8. Qe2 Qc7 9. O-O Nc6 10. f4 Nf6 11. a4 d5 12. e5 Nd7 13. Be3 b6 14. N1d2 Nc5 15. c3 Bb7 16. Bc2 a5 17. Nxc5 bxc5 18. Bd3 c4 19. Bc2 Ba6 20. Nf3 Rb8 21. Rab1 Rb7 22. Qf2 Nb8 23. h4 Nd7 24. Rfd1 Nc5 25. Bxc5 Bxc5 26. Nd4 O-O 27. Kh1 Rfb8 28. Qg3 Bxd4 29. Rxd4 Rxb2 30. Rc1 Qe7 31. h5 Bc8 32. hxg6 fxg6 33. f5 exf5 34. Rxd5 Be6 35. Rxa5 Rd8 36. Qf4 Qb7 37. Qg5 Re8 38. Qe3 Bd5 39. Rb5 Rxb5 40. axb5 Qxb5 41. Bxf5 Rxe5 42. Qg5 Rxf5 43. Qd8+ Rf8 44. Qd6 Qc6 45. Qe5 Bxg2+ 46. Kg1 Bh3 0-1

[Event "27th CRO-chT 1B-Men 2018"]
[Site "Biograd"]
[Date "2018.09.21"]
[Round "7.30"]
[White "Matanovic, Luka"]
[Black "Matijevic, Hrvoje"]
[Result "1/2-1/2"]
[ECO "C41"]
[WhiteElo "2252"]
[BlackElo "2228"]
[Annotator "ChessBase"]
[PlyCount "62"]
[EventDate "2018.09.15"]
[EventType "team-tourn"]
[EventCountry "CRO"]
[SourceTitle "playchess.com"]
[Source "ChessBase"]
[SourceQuality "1"]
[TimeControl "40/5400+30:1800+30"]

1. e4 d6 2. d4 Nf6 3. Nc3 e5 4. Nf3 Nbd7 5. Bc4 Be7 6. O-O O-O 7. Re1 c6 8. a4 a5 9. Ba2 exd4 10. Nxd4 Nc5 11. Qf3 Nfd7 12. Qg3 Nb6 13. Bh6 Bf6 14. Rad1 Kh8 15. Bf4 Bh4 16. Qe3 Nbxa4 17. Nxa4 Nxa4 18. Qa3 Nc5 19. e5 Bg4 20. Nf3 Bxf3 21. Rxd6 Qb6 22. Be3 Qb4 23. Qxb4 axb4 24. Bxc5 Rxa2 25. Rd4 Re8 26. gxf3 Bd8 27. e6 Bf6 28. Rxb4 Rxe6 29. Rxe6 fxe6 30. Rxb7 Rxb2 31. Rxb2 Bxb2 1/2-1/2

[Event "27th CRO-chT 1B-Men 2018"]
[Site "Biograd"]
[Date "2018.09.22"]
[Round "8.10"]
[White "Mathe, Gaspar"]
[Black "Rogulj, Branko"]
[Result "1/2-1/2"]
[ECO "B03"]
[WhiteElo "2308"]
[BlackElo "2404"]
[Annotator "ChessBase"]
[PlyCount "58"]
[EventDate "2018.09.15"]
[EventType "team-tourn"]
[EventCountry "CRO"]
[SourceTitle "playchess.com"]
[Source "ChessBase"]
[SourceQuality "1"]
[TimeControl "40/5400+30:1800+30"]

1. e4 Nf6 2. e5 Nd5 3. d4 d6 4. c4 Nb6 5. exd6 exd6 6. Bd3 c5 7. d5 Be7 8. Nc3 O-O 9. h3 N8d7 10. Nf3 Bf6 11. O-O Ne5 12. Nxe5 Bxe5 13. Bd2 Nd7 14. g3 Re8 15. Kg2 Nf8 16. Qc2 Bd7 17. Rae1 a6 18. a4 Rb8 19. f4 Bd4 20. Ne2 Bf6 21. Bc3 b5 22. axb5 axb5 23. b3 b4 24. Bb2 Ra8 25. Ra1 Qe7 26. Ng1 Bxb2 27. Qxb2 Qe3 28. Rf3 Qe7 29. Rff1 Qe3 1/2-1/2

[Event "27th CRO-chT 1B-Men 2018"]
[Site "Biograd"]
[Date "2018.09.22"]
[Round "8.12"]
[White "Matijevic, Hrvoje"]
[Black "Blazeka, Matej"]
[Result "1/2-1/2"]
[ECO "D30"]
[WhiteElo "2228"]
[BlackElo "2354"]
[Annotator "ChessBase"]
[PlyCount "34"]
[EventDate "2018.09.15"]
[EventType "team-tourn"]
[EventCountry "CRO"]
[SourceTitle "playchess.com"]
[Source "ChessBase"]
[SourceQuality "1"]
[TimeControl "40/5400+30:1800+30"]

1. d4 d5 2. Nf3 Nf6 3. c4 c6 4. e3 e6 5. b3 c5 6. Bb2 Nc6 7. Nbd2 cxd4 8. Nxd4 Nxd4 9. Bxd4 Be7 10. Be2 dxc4 11. Bxc4 Bd7 12. a4 O-O 13. O-O Bc6 14. Nf3 Bd5 15. Rc1 Bxc4 16. Rxc4 Nd5 17. e4 Nb4 1/2-1/2

[Event "27th CRO-chT 1B-Men 2018"]
[Site "Biograd"]
[Date "2018.09.22"]
[Round "8.30"]
[White "Brulic, Denis"]
[Black "Bubalovic, Davorin"]
[Result "1/2-1/2"]
[ECO "E65"]
[WhiteElo "2232"]
[BlackElo "2206"]
[Annotator "NA"]
[PlyCount "51"]
[EventDate "2018.09.15"]
[EventType "team-tourn"]
[EventCountry "CRO"]
[SourceTitle "playchess.com"]
[Source "ChessBase"]
[SourceQuality "1"]
[TimeControl "40/5400+30:1800+30"]

1. Nf3 g6 2. g3 Bg7 3. Bg2 d6 4. d4 c5 5. O-O Na6 6. b3 Nf6 7. Bb2 O-O 8. c4 Rb8 9. Nc3 Bd7 {[%emt 0:03:30] LiveBook: 8 Games} 10. e4 {[%emt 0:11:30] E65: King's Indian: Fianchetto: 6...c5 7 0-0 without d5 by White} cxd4 11. Nxd4 ({Reject} 11. Qxd4 Nc5 $11) 11... Nc5 12. Qe2 Ne6 $146 ({Predecessor:} 12... a6 13. Rfd1 Qa5 14. Nc2 Ne6 15. Ne3 b5 16. Ncd5 Nxd5 17. Nxd5 Rfe8 18. Bxg7 Kxg7 {0-1 (57) Sysala,S (2195)-Obsivac,J (2385) Frydek Mistek 1997}) 13. Qd2 Qa5 14. Nxe6 Bxe6 15. Rad1 Rfe8 16. Rfe1 a6 17. a3 Qb6 18. Qc2 Qc5 {[%emt 0:01:30] [#]} (18... Nd7 $11) 19. Nd5 (19. e5 $1 $16 dxe5 20. Na4) 19... Nxd5 20. Bxg7 Ne3 21. Rxe3 Kxg7 22. Qb2+ f6 $11 23. Rc3 Rec8 24. b4 Qh5 25. Rdc1 b6 26. Qd2 1/2-1/2